AoeStats
← Dodô Pressão

Hill Fort

504794244Analyzed
3v3 RM · 27d ago on Sep 6, 2026· 22m 30s· 6 players
Game mode
Random Map
Map size
Normal (6 player)
Population
200
Speed
Normal
Resources
Standard
Victory
Conquest
Starting age
Dark Age
Ending age
Imperial Age
RankedLock teamsTeams togetherTeam positionsShared explorationLock speedFull tech treeHidden civsTurbo modeCheats
Victory
Defeat
🇪🇸 Turks · Spain
595
+13
🇺🇸 Persians · United States
577
+14
🇧🇷 Georgians · Brazil
521
+15
🇷🇴 Franks · Romania
577
-16
🇷🇴 Teutons · Romania
507
-13
🇬🇧 Italians · United Kingdom
498
-13
Dodô Pressão
11:56 Feudal Age
15:48 Double-Bit Axe
17:06 Loom
21:22 Castle Age
22:10 Double-Bit Axe
22:16 Gold Mining
Javi
0:30 Loom
18:51 Feudal Age
20:12 Wheelbarrow
19:22 Town Watch
19:37 Double-Bit Axe
20:16 Horse Collar
ENIKMA 0666
10:43 Feudal Age
9:00 Loom
12:41 Double-Bit Axe
PBNX_EMP
13:31 Feudal Age
15:40 Wheelbarrow
mihai.borde78
10:15 Loom
16:02 Feudal Age
18:47 Wheelbarrow
bordeianu.petru
11:20 Feudal Age
13:22 Double-Bit Axe
19:16 Horse Collar
Connection lost

Rejoining the realm…

Still unreachable

The connection could not be restored.

Session expired

The server has moved on; the page needs a fresh start.